 Dungeon Crawl Stone Soup version 0.28-a0-407-g69098e2f6d (webtiles) character file.

Game seed: 7153992142868394950

43 heikuro the Skirmisher (level 3, -1/29 HPs)
             Began as a Formicid Abyssal Knight on Sept 6, 2021.
             Was a Follower of Lugonu.
             Slain by a quokka (3 damage)
             ... on level 1 of the Dungeon.
             The game lasted 00:03:42 (2176 turns).

heikuro the Skirmisher (Formicid Abyssal Knight)    Turns: 2176, Time: 00:03:43

Health: -1/29      AC:  3    Str: 17    XL:     3   Next: 82%
Magic:  5/5        EV: 11    Int: 11    God:    Lugonu [*.....]
Gold:   52         SH:  0    Dex: 10    Spells: 2/2 levels left

rFire   . . .      SeeInvis +   a - +1 falchion
rCold   . . .      Faith    .   (no shield)
rNeg    . . .      Spirit   .   j - +0 leather armour
rPois   .          Reflect  .   (helmet unavailable)
rElec   .          Harm     .   (no cloak)
rCorr   .          Rampage  .   (no gloves)
Will    .....                   (no boots)
Stlth   +.........              (no amulet)
HPRegen 0.09/turn               (no ring)
MPRegen 0.09/turn               (no ring)

@: no status effects
A: permanent stasis, dig shafts and tunnels, antennae 3, four strong arms
a: Dig, Shaft Self, Renounce Religion, Depart the Abyss


You were on level 1 of the Dungeon.
You worshipped Lugonu.
Lugonu was aware of your devotion.
You visited 1 branch of the dungeon, and saw 2 of its levels.
You visited the Abyss 1 time.

You collected 52 gold pieces.

Inventory:

Hand Weapons
 a - a +1 falchion (weapon)
 b - a +0 hunting sling
Missiles
 h - 5 javelins (quivered)
 m - 17 stones
Armour
 j - a +0 leather armour (worn)
Jewellery
 l - a ring of positive energy
Scrolls
 c - a scroll of magic mapping {unknown}
 d - 2 scrolls of identify
 f - 2 scrolls of enchant armour {unknown}
 g - a scroll of fog {unknown}
 i - a scroll of noise {unknown}
 k - a scroll of teleportation {unknown}
Potions
 e - 3 potions of curing


   Skills:
 + Level 3.6 Fighting
 * Level 2.8 Long Blades
 + Level 0.2 Slings
 + Level 2.7 Armour
 - Level 1.0 Dodging
 + Level 2.7 Invocations


You had 2 spell levels left.
You didn't know any spells.
Your spell library was empty.

Dungeon Overview and Level Annotations

Branches:
Dungeon (2/15)

Altars:


Innate Abilities, Weirdness & Mutations

You cannot be hasted, slowed, berserked, paralysed or teleported.
You can dig through walls and to a lower floor.
You have a pair of large antennae on your head. (SInv)
Your four strong arms can wield two-handed weapons with a shield.


Message History

HP restored.
You climb downwards.
The quokka bites you but does no damage. x2
The worm bites you.
There is a stone staircase leading up here.
The quokka closely misses you. The worm misses you.
You climb upwards.
There is a stone staircase leading down here.
You slash the worm!
The worm is heavily wounded.
You hit the worm.
The worm is heavily wounded.
The worm bites you but does no damage.
You slash the worm!
The worm is almost dead.
The worm bites you but does no damage.
You barely miss the worm.
The worm is almost dead.
You hit the worm but do no damage.
The worm is almost dead.
The worm bites you!
You hit the worm but do no damage.
The worm is almost dead.
The worm bites you!
* * * LOW HITPOINT WARNING * * *
You are too injured to fight recklessly!
You are too injured to fight recklessly!
You barely miss the worm.
The worm is severely wounded.
The worm bites you.
* * * LOW HITPOINT WARNING * * *
You slash the worm!
You kill the worm!
Lugonu accepts your kill. The quokka barely misses you.
You barely miss the quokka. The quokka closely misses you.
You hit the quokka.
The quokka is severely wounded.
The quokka closely misses you. The quokka bites you.
You die...

####......######.# ##.##
.................# #..#
####......####'### ###'#
#......+..#.#.#♣♣♣♣♣#.#.#
#..>...##.#.............#
####.#....#..♣..♣.♣..♣..#
#.#.#..#≈#♣♣..≈..♣♣#≈#
#.#.#..#≈#P♣.≈≈≈.♣P#≈#
#.#.#..#≈#@r.≈8≈..<#≈#
#.#.#..#≈#P♣.≈≈≈.♣P#≈#
#.#.#..#≈#♣♣..≈..♣♣#≈# #
#.#....#..♣..♣.♣..♣..# #
#######.#.#..#.............#
#
........#....#.#.#♣♣♣♣♣#.#.#
# ##############'###
######'######
................#
#...........#
###############.###
#...........#


You could see a quokka.

Vanquished Creatures
  An adder (D:2)
  2 worms
  A dart slug (D:2)
  4 endoplasms
  3 giant cockroaches
  2 hobgoblins (D:2)
  2 quokkas
  A ball python (D:2)
  A bat (D:2)
  A frilled lizard (D:2)
  4 goblins
  4 rats
26 creatures vanquished.

Notes
Turn   | Place    | Note
-------+----------+-------------------------------------------
     0 | Abyss:1  | heikuro the Formicid Abyssal Knight began the quest for the
                  | Orb.
     0 | Abyss:1  | Reached XP level 1. HP: 18/18 MP: 2/2
    77 | Abyss:1  | Noticed a starcursed mass
    83 | Abyss:1  | Noticed a daeva
    84 | D:1      | Escaped the Abyss
   439 | D:1      | Reached skill level 1 in Dodging
   650 | D:1      | Reached XP level 2. HP: 24/24 MP: 3/3
   992 | D:1      | Found a faded altar of an unknown god.
  1185 | D:2      | Reached * piety under Lugonu
  1218 | D:2      | Reached XP level 3. HP: 29/29 MP: 4/4
  1857 | D:2      | HP: 1/29 [quokka (3)]
  2176 | D:1      | Slain by a quokka

Illustrated notes

Levels and vault maps discovered:
D:1:      tarquinn_simple_flora_water_b, layout_basic, basic_ecumenical_altar,
          minmay_misc_feat_room
D:2:      layout_loops_cross, serial_forest, infiniplex_forest_join,
          infiniplex_forest_clump_diagonal, infiniplex_forest_lined_2,
          infiniplex_forest_lined_3, infiniplex_forest_side_room,
          infiniplex_forest_lined_corner

Skill      XL: |  1 |
---------------+----+-----
Dodging        | 1 |  1.0
Fighting       | |  3.6
Long Blades    | |  2.8
Slings         | |  0.2
Armour         | |  2.7
Invocations    | |  2.7

Action                   || total
-------------------------++-------
Melee: Falchion          ||    89
Throw: Javelin           ||    12
Invok: Depart the Abyss  ||     1
 Abil: Dig               ||     1
  Use: Scroll            ||     2
Armor: Leather armour    ||    28
Dodge: Dodged            ||    57

Table legend: (Time is in decaauts)
 A = Elapsed time spent in this place.
 B = Non-inter-level travel time spent in this place.
 C = Inter-level travel time spent in this place.
 D = Time resting spent in this place.
 E = Time spent auto-exploring this place.
 F = Levels seen in this place.
 G = Mean time per level.
                   A        B        C        D        E       F      G
               +--------+--------+--------+--------+--------+-----+--------+
         Total |   2195 |   2189 |      6 |    714 |   1114 |   3 |  731.7 |
       Dungeon |   2111 |   2105 |      6 |    714 |   1058 |   2 | 1055.5 |
         Abyss |     84 |     84 |      0 |      0 |     56 |   1 |   84.0 |
               +--------+--------+--------+--------+--------+-----+--------+

Top non-repeatable levels by time:
     D:1: 1323 daAuts
     D:2: 788 daAuts
 Abyss:1: 84 daAuts
